 Dungeon Crawl Stone Soup version 0.28-a0-751-gef3a642a4e (webtiles) character file.

Game seed: 3890890190111741830

0 lawman0 the Magician (level 1, -1/15 HPs)
             Began as a Djinni Summoner on Oct 31, 2021.
             Slain by a giant cockroach (2 damage)
             ... on level 1 of the Dungeon.
             The game lasted 00:00:24 (87 turns).

lawman0 the Magician (Djinni Summoner)                Turns: 87, Time: 00:00:24

Health: -1/15      AC:  2    Str:  7    XL:     1   Next: 11%
Gold:   7          EV: 12    Int: 16    God:
                   SH:  0    Dex: 13

rFire   + + .      SeeInvis .   (no weapon)
rCold   x . .      Faith    .   (no shield)
rNeg    . . .      Spirit   .   a - +0 robe
rPois   ∞          Reflect  .   (no helmet)
rElec   .          Harm     .   (no cloak)
rCorr   .          Rampage  .   (no gloves)
Will    .....                   (boots unavailable)
Stlth   ++........              (no amulet)
HPRegen 0.05/turn               (no ring)
MPRegen 0.00/turn               (no ring)

@: flying
A: sickness immunity, fire resistance 2, cold vulnerability 1, float, innate
caster, hp casting, extra vitality 1
a: no special abilities


You were on level 1 of the Dungeon.
You visited 1 branch of the dungeon, and saw 1 of its levels.

You collected 7 gold pieces.

Inventory:

Armour
 a - a +0 robe (worn)


   Skills:
 + Level 2.2 Dodging
 + Level 1.5 Stealth
 + Level 3.2 Spellcasting


You couldn't memorise any spells.
You knew the following spells:

 Your Spells              Type           Power      Damage    Failure   Level
a - Summon Small Mammal   Summ           52%        N/A       4%          1
b - Call Imp              Summ           13%        N/A       7%          2
c - Call Canine Familiar  Summ           13%        N/A       14%         3
d - Summon Guardian Gole  Hex/Summ       13%        N/A       14%         3
e - Summon Lightning Spi  Summ/Air       13%        N/A       43%         4
Your spell library was empty.

Dungeon Overview and Level Annotations

Branches:
Dungeon (1/15)

Altars:


Innate Abilities, Weirdness & Mutations

You are immune to sickness and miasma.
You are immune to poison.
Your flesh is very heat resistant. (rF++)
You are vulnerable to cold. (rC-)
You float through the air rather than walking.
You learn spells naturally, not from books.
Your magical power is your life essence.
You have superior vitality. (+4 HP)


Message History

* * * LOW HITPOINT WARNING * * *
The ball python barely misses you. x2; The ball python bites you.
* * * LOW HITPOINT WARNING * * *
The ball python barely misses you.
You swap places.
The ball python bites your rat but does no damage.
The ball python barely misses your rat.
Your rat barely misses the ball python.
Unknown command.
The ball python closely misses your rat. x2
Your rat bites the ball python.
The ball python dies!
The giant cockroach bites your rat.
Your rat bites the giant cockroach.
The giant cockroach bites your rat.
Your rat dies!
Your rat's corpse disappears in a puff of smoke!
Casting: Summon Small Mammal (safe; 4% risk of failure)
Confirm with . or Enter, or press ? or * to list all spells.
You don't have enough health to cast this spell.
Unknown command.
The giant cockroach barely misses you.
There is a staircase leading out of the dungeon here.
The giant cockroach barely misses you.
The giant cockroach waves its antennae.
Really fly into that dispersal trap?
You enter a dispersal trap!
The giant cockroach blinks! x2; You blink.
Casting: Summon Small Mammal (safe; 4% risk of failure)
Confirm with . or Enter, or press ? or * to list all spells.
* * * LOW HITPOINT WARNING * * *
Your rat bites the giant cockroach.
Your rat closely misses the giant cockroach.
The giant cockroach waves its antennae.
Your rat barely misses the giant cockroach.
Unknown command.
Unknown command.
You hit the giant cockroach but do no damage.
The giant cockroach is moderately wounded.
The giant cockroach bites you.
* * * LOW HITPOINT WARNING * * *
The giant cockroach bites you.
You die...

##### #####....# ##..###......
..B.######......#####..##
#...##.
....................#.## #..##
...P#≈#P.....P#≈#P....## #..#
..P##≈##P...P##≈##P....####..#
...§≈≈≈≈..<..≈≈≈≈≈............
^.P##≈##P...P##≈##P.##..#.#...
...P#≈#P.....P#≈#P..###.....
..............rB@........#>..
.#####............#####.## ..
...............#### .#
#######.....#### #.......#
#.......# #.......# ##.....##
##...##


You could see a giant cockroach (ally target) and a friendly rat (summoned).

Vanquished Creatures (collateral kills)
  A ball python (D:1)
1 creature vanquished.

Notes
Turn   | Place    | Note
-------+----------+-------------------------------------------
     0 | D:1      | lawman0 the Djinni Summoner began the quest for the Orb.
     0 | D:1      | Reached XP level 1. HP: 15/15 MP: 0/0
    87 | D:1      | Slain by a giant cockroach

Illustrated notes

Levels and vault maps discovered:
D:1:      eino_arrival_water_cross, layout_rooms, serial_shops,
          nicolae_shop_behind_doors

Action                   || total
-------------------------++-------
Melee: Unarmed           ||     5
 Cast: Summon Small Mamm ||     3
Dodge: Dodged            ||     8

Table legend: (Time is in decaauts)
 A = Elapsed time spent in this place.
 B = Non-inter-level travel time spent in this place.
 C = Inter-level travel time spent in this place.
 D = Time resting spent in this place.
 E = Time spent auto-exploring this place.
 F = Levels seen in this place.
 G = Mean time per level.
                   A        B        C        D        E       F      G
               +--------+--------+--------+--------+--------+-----+--------+
         Total |     87 |     87 |      0 |      0 |     29 |   1 |   87.0 |
       Dungeon |     87 |     87 |      0 |      0 |     29 |   1 |   87.0 |
               +--------+--------+--------+--------+--------+-----+--------+

Top non-repeatable levels by time:
     D:1: 87 daAuts
